 Dungeon Crawl Stone Soup version 0.16.1-11-g651b585 (webtiles) character file.

773 karlm the Skirmisher (level 8, -4/64 HPs)
             Began as a Formicid Berserker on Apr 6, 2015.
             Was an Elder of Trog.
             Slain by a steam dragon (6 damage)
             ... on level 5 of the Dungeon.
             The game lasted 00:08:46 (4336 turns).

karlm the Skirmisher (Formicid Berserker)           Turns: 4336, Time: 00:08:46

Health: -4/64      AC:  9    Str: 22    XL:     8   Next: 9%
Magic:  11/11      EV:  9    Int:  7    God:    Trog [****..]
Gold:   200        SH:  0    Dex: 12    Spells: 0 memorised, 7 levels left

rFire  . . .     SeeInvis +     a - +0 hand axe
rCold  . . .     Clarity  .     i - +0 chain mail
rNeg   + . .     SustAb   .     (no shield)
rPois  .         Gourm    .     (helmet unavailable)
rElec  .         Spirit   .     (no cloak)
rCorr  .         Warding  +     (no gloves)
rMut   .         Stasis   +     (no boots)
MR     .....                    l - amulet of warding
Stlth  ..........               (no ring)
                                I - ring of wizardry

@: not resistant to hostile enchantments, extremely unstealthy
A: permanent stasis, dig shafts and tunnels, four strong arms, antennae 3
a: Dig, Shaft Self, Burn Spellbooks, Trog's Hand, Brothers in Arms, Renounce
Religion


You were on level 5 of the Dungeon.
You worshipped Trog.
Trog was greatly pleased with you.
You were not hungry.

You visited 1 branch of the dungeon, and saw 5 of its levels.

You collected 200 gold pieces.

Inventory:

Hand weapons
 a - a +0 hand axe (weapon)
Missiles
 h - 230 stones (quivered)
 t - 29 poisoned needles
 u - 81 arrows
 v - 40 sling bullets
 B - 11 poisoned arrows
 D - 47 bolts
Armour
 i - a +0 chain mail (worn)
Jewellery
 l - an amulet of warding (around neck)
 I - a ring of wizardry (left hand)
Magical devices
 G - a wand of flame (31)
Scrolls
 b - a scroll of fog {unknown}
 d - a scroll of blinking {unknown}
 f - a scroll of random uselessness {unknown}
 g - 2 scrolls of immolation {unknown}
 j - 8 scrolls of identify {unknown}
 k - a scroll of remove curse {unknown}
 y - a scroll of enchant armour {unknown}
 F - a scroll of noise {unknown}
Potions
 e - 5 potions of curing
 m - a potion of heal wounds {unknown}
 o - a potion of ambrosia {unknown}
 q - a potion of poison {unknown}
 r - a potion of agility {unknown}
 w - a potion of haste {unknown}
 x - a potion of flight {unknown}
 z - a potion of brilliance {unknown}
 A - a potion of restore abilities {unknown}
 C - a potion of mutation {unknown}
 E - a potion of invisibility {unknown}
 J - 2 potions of lignification {unknown}
Comestibles
 c - 2 bread rations
 n - 3 meat rations
 p - a beef jerky
 s - a slice of pizza
 H - 2 fruits
 K - a chunk of flesh


   Skills:
 + Level 5.7 Fighting
 + Level 5.2 Axes
 + Level 5.0 Armour
 + Level 4.0 Dodging


You had 7 spell levels left.
You didn't know any spells.

Dungeon Overview and Level Annotations

Branches:
Dungeon (5/15)
 Temple: D:4-7

Altars:
Kikubaaqudgha


Innate Abilities, Weirdness & Mutations

You are under a permanent stasis effect.
You can dig through walls and to a lower floor.
Your four strong arms can wield two-handed weapons with a shield.
You have a pair of large antennae on your head (SInv).


Message History

You barely miss the steam dragon.
You are engulfed in a cloud of scalding steam.
The steam dragon closely misses you.
The steam dragon claws you but does no damage.
You hit the steam dragon but do no damage.
You are engulfed in a cloud of scalding steam.
The steam dragon bites you.
* * * LOW HITPOINT WARNING * * *
The steam dragon barely misses you.
You hit the steam dragon but do no damage.
The steam dragon bites you but does no damage.
The steam dragon claws you but does no damage.
You hit the steam dragon.
The steam dragon is lightly wounded.
The steam dragon completely misses you. The steam dragon claws you.
* * * LOW HITPOINT WARNING * * *
You closely miss the steam dragon.
The steam dragon is lightly wounded.
The steam dragon bites you.
You die...

.........#......................
.>.....#.#.######...#..###..#.#
.......#.# #P≈####....## ##...#
.......#.#..P≈≈≈ ###### ..###
........##P..... #
###.....#....... #.....#.....P≈
#[....#P^....D######### #.....##
#@.......# ##.....## #.........
#......## ##.........
###.....####..........
#..÷..#.#..........
#.........#........
#..................
#.................
#.........#......


You could see a steam dragon.

Vanquished Creatures
  A steam dragon (D:5)
  2 scorpions (D:4)
  2 jellies (D:5)
  An orc priest (D:3)
  4 hounds
  A centaur skeleton (D:4)
  2 giant frog skeletons
  2 worker ants
  Robin (D:3)
  A gnoll (D:3)
  3 adders
  2 shadow imps (D:5)
  3 worms (D:2)
  10 giant geckos
  3 orcs
  5 ball pythons
  A bat skeleton (D:5)
  A bat zombie (D:5)
  14 goblins
  20 hobgoblins
  7 kobolds
  4 quokkas
  7 bats
  5 giant cockroaches
  4 giant newts
  A goblin zombie (D:5)
  2 hobgoblin zombies (D:5)
  7 jackals
  A quokka skeleton (D:5)
  11 rats
128 creatures vanquished.

Vanquished Creatures (others)
  An ogre (D:5)
  An orc wizard (D:5)
  A giant gecko (D:5)
  2 giant cockroaches (D:5)
  A goblin (D:5)
  A kobold (D:5)
  A rat (D:5)
8 creatures vanquished.

Grand Total: 136 creatures vanquished

Notes
Turn   | Place    | Note
--------------------------------------------------------------
     0 | D:1      | karlm, the Formicid Berserker, began the quest for the Orb.
     0 | D:1      | Reached XP level 1. HP: 18/18 MP: 1/1
   266 | D:1      | Reached XP level 2. HP: 21/24 MP: 3/3
   682 | D:2      | Reached XP level 3. HP: 25/29 MP: 4/4
   690 | D:2      | Found an ancient bone altar of Kikubaaqudgha.
   843 | D:2      | Acquired Trog's second power
   900 | D:2      | Reached XP level 4. HP: 17/37 MP: 5/5
  1083 | D:2      | Reached skill level 4 in Fighting
  1668 | D:3      | Noticed Robin
  1687 | D:3      | Killed Robin
  1687 | D:3      | Reached XP level 5. HP: 34/42 MP: 7/7
  2476 | D:4      | Reached XP level 6. HP: 20/49 MP: 8/8
  3090 | D:3      | Reached skill level 5 in Fighting
  3206 | D:4      | Reached XP level 7. HP: 49/56 MP: 9/9
  3505 | D:5      | Entered Level 5 of the Dungeon
  4265 | D:5      | Reached skill level 5 in Axes
  4312 | D:5      | Noticed a steam dragon
  4312 | D:5      | Noticed a steam dragon
  4327 | D:5      | Killed a steam dragon
  4327 | D:5      | Acquired Trog's third power
  4327 | D:5      | Reached skill level 5 in Armour
  4327 | D:5      | Reached XP level 8. HP: 29/64 MP: 11/11
  4333 | D:5      | HP: 2/64 [steam dragon (4)]
  4336 | D:5      | Slain by a steam dragon

Action                   |  1- 3 |  4- 6 |  7- 9 || total
-------------------------+-------+-------+-------++-------
Melee: Hand axe          |    84 |   260 |   134 ||   478
Invok: Trog's Hand       |       |     1 |       ||     1
  Use: Potion            |     1 |       |       ||     1
  Eat: Chunk             |       |     8 |     4 ||    12
